 Dungeon Crawl Stone Soup version 0.31-a0-188-g5e087ee2ca (webtiles) character file.

Game seed: 7650252015066042830

683 qw the Skirmisher (level 7, -1/40 HPs)
             Began as a Deep Elf Hunter on June 23, 2023.
             Was an Initiate of Okawaru.
             Slain by a killer bee (6 damage)
             ... on level 5 of the Dungeon.
             The game lasted 00:01:32 (2984 turns).

qw the Skirmisher (Deep Elf Hunter)                 Turns: 2984, Time: 00:01:32

Health: -1/40      AC:  9    Str: 14    XL:     7   Next: 35%
Magic:  7/9        EV: 15    Int: 14    God:    Okawaru [......]
Gold:   114        SH:  0    Dex: 20    Spells: 6/6 levels left

rFire   . . .        Y - +1 shortbow
rCold   . . .        (shield currently unavailable)
rNeg    . . .        j - +0 ring mail
rPois   .            (no helmet)
rElec   .            c - +1 cloak {Will+}
rCorr   .            (no gloves)
SInv    .            e - +0 pair of boots
Will    +....        l - amulet of faith
Stlth   +++          k - +6 ring of strength
HPRegen 0.26/turn    (no ring)
MPRegen 0.11/turn

%: faith
@: lethally poisoned (-1 -> -15), heroic
A: no striking features
a: Renounce Religion


You were on level 5 of the Dungeon.
You worshipped Okawaru.
Okawaru was noncommittal.
You visited 1 branch of the dungeon, and saw 5 of its levels.

You collected 168 gold pieces.
You spent 54 gold pieces at shops.


   Skills:
 - Level 2.0(7.0) Fighting
 - Level 11.1(16.1) Ranged Weapons
 - Level 1.3(6.3) Armour
 + Level 3.0(8.0) Dodging
 - Level 1.2(6.2) Stealth
 - Level 0.4 Invocations


You had 6 spell levels left.
You didn't know any spells.
Your spell library was empty.

Inventory:

Hand Weapons
 Y - a +1 shortbow (weapon)
Armour
 c - a +1 cloak of willpower (worn)
 e - a +0 pair of boots (worn)
 j - a +0 ring mail (worn)
Jewellery
 a - an amulet of regeneration
 k - a +6 ring of strength (left hand)
 l - an amulet of faith (around neck)
Scrolls
 n - a scroll of identify
 o - a scroll of blinking {unknown}
Potions
 b - a potion of mutation
 d - a potion of enlightenment {unknown}
 f - a potion of cancellation {unknown}
 g - a potion of brilliance {unknown}
 h - a potion of heal wounds {unknown}
 i - a potion of might
 m - a potion of haste {unknown}
 p - a potion of curing
 q - 2 potions of lignification {unknown}

Dungeon Overview and Level Annotations

Branches:
Dungeon (5/15)
 Temple: D:4-7

Altars:
Fedhas
Makhleb
Okawaru
Trog
Zin
The Shining One

Shops:
D:3 [([*

Annotations:
D:3 exclusion: gnoll
D:5 Dowan


Message History

The killer bee misses you. The killer bee stings you!
You are more poisoned.
The killer bee poisons you! The killer bee barely misses you.
An iguana comes into view.
You shoot an arrow. The arrow hits the killer bee!
You kill the killer bee!
Okawaru accepts your kill.
You can now gain great but temporary skills.
You feel very sick. The killer bee closely misses you.
The killer bee completely misses you. The killer bee barely misses you.
The killer bee closely misses you. The killer bee stings you. x2
You are more poisoned.
The killer bee poisons you! The killer bee closely misses you.
Dowan, Brother of Duvessa comes into view.
He is wielding a +0 dagger.
Your Ranged Weapons skill increases to level 11!
2982 ||| INVOKING Heroism.
You gain the combat prowess of a mighty hero.
You can no longer gain great but temporary skills.
You feel very sick.
The killer bee stings you but does no damage.
The killer bee misses you. The killer bee stings you.
The killer bee stings you but does no damage. x2
The killer bee barely misses you. x2; The killer bee completely misses you.
Dowan casts a spell.
Dowan blinks!
You shoot an arrow.
The arrow closely misses the killer bee.
You feel very sick. The killer bee completely misses you.
The killer bee stings you but does no damage. x2
The killer bee misses you. The killer bee barely misses you. x2
The killer bee stings you. The killer bee barely misses you.
You shoot an arrow. The arrow barely misses the killer bee.
You feel sick. The killer bee stings you.
You are more poisoned.
The killer bee poisons you!
The killer bee stings you but does no damage.
The killer bee closely misses you. The killer bee stings you.
You die...

.ยค.. ... .. .... #.#
#.# 888.. ... .... 888..
#l# #.#.#
.............>.
......#o#.#.#.#
......yyy......
......#@#.#.#.#........#
888...y................#
888....................#
.......................#
.......................#
.......................#
.......................#
.......................#
...............).......#


You could see an iguana, 4 killer bees and an orc wizard.

Vanquished Creatures
  Eustachio (D:4)
  A scorpion (D:4)
  A killer bee (D:5)
  2 orc priests (D:5)
  3 jellies (D:4)
  An orc wizard (D:3)
  9 gnolls
  8 adders
  An ufetubus (D:3)
  A worm (D:2)
  A dart slug (D:2)
  9 orcs
  5 endoplasms
  5 giant cockroaches
  4 hobgoblins
  22 jackals
  3 quokkas
  8 ball pythons
  6 bats
  3 frilled lizards (D:2)
  5 goblins
  6 kobolds
  6 rats
111 creatures vanquished.

Vanquished Creatures (others)
  An orc wizard (D:3)
1 creature vanquished.

Grand Total: 112 creatures vanquished

Notes
Turn   | Place    | Note
-------+----------+-------------------------------------------
     0 | D:1      | qw the Deep Elf Hunter began the quest for the Orb.
     0 | D:1      | Reached XP level 1. HP: 12/12 MP: 3/3
     0 | D:1      | 0 ||| qw: Version: 0.3-a-9-g12657ce
     0 | D:1      | 0 ||| qw: Game counter: 3251
     0 | D:1      | 0 ||| qw: Always use a shield: true
     0 | D:1      | 0 ||| qw: God list: Okawaru
     0 | D:1      | 0 ||| qw: Allow faded altars: false
     0 | D:1      | 0 ||| qw: Do Orc after D:15 true
     0 | D:1      | 0 ||| qw: Do second Lair branch before Depths: true
     0 | D:1      | 0 ||| qw: Lair rune preference: random
     0 | D:1      | 0 ||| qw: Plans: Normal
     0 | D:1      | 0 ||| PLANNING D:1-11
   198 | D:1      | Reached XP level 2. HP: 16/16 MP: 4/4
   203 | D:1      | Reached skill level 6 in Ranged Weapons
   400 | D:1      | 400 ||| DROPPING +3 sling.
   606 | D:1      | 606 ||| UPGRADING to +0 ring mail.
   616 | D:1      | 616 ||| DROPPING +0 leather armour.
   617 | D:1      | 617 ||| DROPPING ring of flight.
   618 | D:1      | 618 ||| UPGRADING to +6 ring of strength.
   619 | D:1      | 619 ||| READING 2 scrolls labelled UWAOTO EGUALEE.
   620 | D:1      | 620 ||| READING scroll labelled WEVAUR BAHIECVO.
   621 | D:1      | 621 ||| READING scroll labelled WOJEHAMACE.
   622 | D:1      | 622 ||| DROPPING scroll of vulnerability.
   623 | D:1      | 623 ||| DROPPING scroll of butterflies.
   666 | D:2      | Reached XP level 3. HP: 20/20 MP: 5/5
   681 | D:2      | Reached skill level 7 in Ranged Weapons
   922 | D:2      | Reached XP level 4. HP: 23/25 MP: 6/6
  1450 | D:2      | 1450 ||| UPGRADING to +0 pair of boots.
  1455 | D:2      | 1455 ||| UPGRADING to amulet of regeneration.
  1460 | D:2      | 1460 ||| READING scroll labelled LARAAGGEYSM.
  1461 | D:2      | 1461 ||| DRINKING 2 dark potions.
  1491 | D:3      | Noticed an animated crystal plate armour
  1491 | D:3      | Noticed an animated shadow dragon scales
  1491 | D:3      | Found Ramoitic's Armour Shoppe.
  1496 | D:3      | 1496 ||| STAIRDANCE
  1520 | D:3      | 1520 ||| SHOPLISTING +1 pair of boots (115 gold, have 41).
  1520 | D:3      | 1520 ||| SHOPLISTING +3 leather armour of cold resistance
                  | (240 gold, have 41).
  1520 | D:3      | 1520 ||| SHOPLISTING +4 scale mail "Hiukif" {rPois Slay+3}
                  | (478 gold, have 41).
  1545 | D:3      | Reached skill level 8 in Ranged Weapons
  1588 | D:3      | Found a faded altar of an unknown god.
  1615 | D:3      | 1615 ||| DRINKING potion of curing.
  1615 | D:3      | 1615 ||| (to cure poison)
  1623 | D:3      | 1623 ||| FLEEEEING.
  1629 | D:3      | Reached XP level 5. HP: 29/29 MP: 7/7
  1671 | D:3      | Reached skill level 9 in Ranged Weapons
  1675 | D:3      | Found a blossoming altar of Fedhas.
  1678 | D:3      | Found a glowing silver altar of Zin.
  1686 | D:3      | Found Fipn's Assorted Antiques.
  1695 | D:3      | 1695 ||| SHOPLISTING potion of curing (81 gold, have 60).
  1695 | D:3      | 1695 ||| BUYING scroll of identify (54 gold).
  1695 | D:3      | Bought a scroll of identify for 54 gold pieces
  1695 | D:3      | 1695 ||| SHOPLISTING silvery potion (24 gold, have 6).
  1695 | D:3      | 1695 ||| SHOPLISTING viscous ruby potion (24 gold, have 6).
  1704 | D:3      | Found a burning altar of Makhleb.
  1706 | D:3      | Found an iron altar of Okawaru.
  1707 | D:3      | 1707 ||| PLANNING OKAWARU WORSHIP
  1707 | D:3      | 1707 ||| READING scroll labelled DIDUSK WANLAOHUR.
  1707 | D:3      | Identified a scroll of acquirement
  1707 | D:3      | 1707 ||| ACQUIRING +1 cloak of willpower
  1707 | D:3      | Acquired a +1 cloak of willpower
  1709 | D:3      | 1709 ||| UPGRADING to +1 cloak of willpower.
  1714 | D:3      | 1714 ||| READING scroll labelled QUNWEOGORI.
  1715 | D:3      | 1715 ||| READING scroll labelled ILYETZ ETOPP.
  1716 | D:3      | 1716 ||| READING scroll labelled XUCOSI MUMUOTS.
  1718 | D:3      | 1718 ||| Stepping ~*~*~tactically~*~*~ (cloud).
  1744 | D:3      | Reached skill level 3 in Dodging
  1756 | D:3      | Became a worshipper of Warmaster Okawaru
  1757 | D:3      | 1757 ||| PLANNING D:1-11
  1763 | D:3      | Found a bloodstained altar of Trog.
  1835 | D:3      | Found Caettu's Weapon Shoppe.
  1836 | D:3      | Found Ugenapud's Armour Shop.
  1839 | D:3      | 1839 ||| SHOPLISTING +0 orcbow (42 gold, have 20).
  1843 | D:3      | 1843 ||| SHOPLISTING +0 helmet (58 gold, have 20).
  1843 | D:3      | 1843 ||| SHOPLISTING +1 helmet (149 gold, have 20).
  1843 | D:3      | 1843 ||| SHOPLISTING +1 helmet of intelligence (214 gold,
                  | have 20).
  1843 | D:3      | 1843 ||| SHOPLISTING +1 scale mail of Moral Flaws {Fly rN++
                  | Str-4 Dex+2} (317 gold, have 20).
  1843 | D:3      | 1843 ||| SHOPLISTING +3 ring mail of the Farrier {rF- Str+4
                  | Dex+3} (438 gold, have 20).
  1984 | D:3      | 1984 ||| DRINKING 2 fuming purple potions.
  2021 | D:4      | Reached skill level 1 in Armour
  2021 | D:4      | Reached XP level 6. HP: 35/35 MP: 8/8
  2231 | D:4      | Noticed Eustachio
  2247 | D:4      | HP: 5/35 [Eustachio/+0 rapier (5)]
  2249 | D:4      | Killed Eustachio
  2293 | D:4      | 2293 ||| UPGRADING to amulet of faith.
  2303 | D:4      | 2303 ||| DRINKING 2 purple potions.
  2309 | D:4      | 2309 ||| DROPPING potion of ambrosia.
  2317 | D:4      | 2317 ||| STAIRDANCE
  2321 | D:3      | Found a glowing golden altar of the Shining One.
  2430 | D:4      | Reached skill level 10 in Ranged Weapons
  2637 | D:4      | Reached * piety under Okawaru
  2638 | D:4      | Reached XP level 7. HP: 40/40 MP: 9/9
  2697 | D:4      | 2697 ||| READING scroll labelled VYILU AROULU.
  2798 | D:4      | 2798 ||| READING 2 scrolls of identify.
  2798 | D:4      | 2798 ||| IDENTIFYING smoky clear potion
  2820 | D:5      | Entered Level 5 of the Dungeon
  2847 | D:5      | 2847 ||| INVOKING Heroism.
  2941 | D:5      | 2941 ||| INVOKING Heroism.
  2981 | D:5      | Noticed Dowan
  2982 | D:5      | Reached skill level 11 in Ranged Weapons
  2982 | D:5      | 2982 ||| INVOKING Heroism.
  2983 | D:5      | HP: 9/40 [poisoned by a killer bee]
  2984 | D:5      | Slain by a killer bee

Levels and vault maps discovered:
D:1:      heliophobic_arrival_henge, layout_loops_ring
D:2:      layout_loops_corners
D:3:      layout_rooms, bloody_trog, nicolae_overflow_hidden_temple,
          grunt_temple_overflow_open, shapermc_ecumenical_altar_acropolis,
          serial_shops, shop, nicolae_shop_mannequins, nicolae_square_shop, shop
D:4:      layout_loops_ring, minmay_fractal_squares_gapless_5, uniq_eustachio
D:5:      layout_basic, ebering_ghost_sewer_f, hellmonk_bongcloud_opening,
          st_stairs_9, uniq_duvessa

Skill      XL: |  1  2  3  4  5  6  7 |
---------------+----------------------+-----
Ranged Weapons | 6 7 8 9 10 11 | 11.1
Dodging        | 3 |  3.0
Fighting       | 2 |  2.0
Armour         | 1 |  1.3
Stealth        | |  1.2
Invocations    | |  0.4

Action                     |  1- 3 |  4- 6 |  7- 9 || total
---------------------------+-------+-------+-------++-------
   Fire: Shortbow          |    85 |   204 |    46 ||   335
 Invoke: Heroism           |       |       |     3 ||     3
    Use: Scroll            |     3 |     5 |     2 ||    10
         Potion            |       |     4 |       ||     4
 Armour: Leather armour    |     4 |       |       ||     4
         Ring mail         |    12 |    49 |     8 ||    69
  Dodge: Dodged            |    31 |   101 |    27 ||   159

Table legend:
 A = Non-vault XP
 B = Vault XP
 C = Vault XP percentage of total XP
 D = Non-vault monster count
 E = Vault monster count
 F = Vault count percentage of total count
                 A         B        C        D         E       F
            +---------+---------+-------+---------+---------+-------
      Total |     743 |     234 |  24.0 |     107 |       5 |   4.5
            +---------+---------+-------+---------+---------+-------
        D:1 |      32 |       0 |   0.0 |      20 |       0 |   0.0
        D:2 |     110 |       0 |   0.0 |      34 |       0 |   0.0
        D:3 |     233 |       0 |   0.0 |      31 |       0 |   0.0
        D:4 |     256 |     180 |  41.3 |      16 |       3 |  15.8
        D:5 |     112 |      54 |  32.5 |       6 |       2 |  25.0
            +---------+---------+-------+---------+---------+-------
